 Dungeon Crawl Stone Soup version 0.30.1-11-g7821555f0a (webtiles) character file.

Game seed: 10225302390097357257

1638 fireball365 the Cleaver (level 8, 0/70 HPs)
             Began as a Hill Orc Fighter on Dec 14, 2023.
             Was an Initiate of Gozag.
             Slain by an unseen horror (9 damage)
             ... on level 6 of the Dungeon.
             The game lasted 00:09:33 (5098 turns).

fireball365 the Cleaver (Hill Orc Fighter)          Turns: 5098, Time: 00:09:33

Health: 0/70       AC: 16    Str: 21    XL:     8   Next: 98%
Magic:  8/8        EV:  8    Int:  8    God:    Gozag
Gold:   177        SH:  5    Dex: 10    Spells: 7/7 levels left

rFire   . . .        a - +0 war axe
rCold   . . .        c - +0 buckler
rNeg    . . .        E - +0 chain mail
rPois   .            f - +1 helmet
rElec   .            v - +0 cloak
rCorr   .            t - +0 pair of gloves
SInv    .            p - +0 pair of boots
Will    .....        (no amulet) Stlth
                     y - ring of ice
HPRegen 0.31/turn    B - ring of fire
MPRegen 0.11/turn

%: no passive effects
@: no status effects
A: no striking features
a: Renounce Religion, Potion Petition, Call Merchant, Bribe Branch


You were on level 6 of the Dungeon.
You worshipped Gozag.
Gozag was aware of your devotion.
You visited 2 branches of the dungeon, and saw 7 of its levels.

You collected 254 gold pieces.
You paid 77 gold pieces to Gozag.

Inventory:

Hand Weapons
 a - a +0 war axe (weapon)
Missiles
 m - a throwing net (quivered)
 z - 6 javelins
Armour
 c - a +0 buckler (worn)
 f - a +1 helmet (worn)
 p - a +0 pair of boots (worn)
 t - a +0 pair of gloves (worn)
 v - a +0 cloak (worn)
 E - a +0 chain mail (worn)
Jewellery
 u - a ring of protection from cold
 y - a ring of ice (left hand)
 B - a ring of fire (right hand)
Wands
 l - a wand of digging (7)
 o - a wand of flame (7)
Scrolls
 b - a scroll of enchant weapon {unknown}
 e - a scroll of vulnerability
 g - 2 scrolls of poison
 h - a scroll of magic mapping
 j - a scroll of immolation {unknown}
 n - a scroll of amnesia {unknown}
 s - a scroll of blinking
 A - a scroll of teleportation {unknown}
 D - 3 scrolls of fear
Potions
 d - a potion of might
 i - a potion of flight {unknown}
 k - a potion of ambrosia
 q - a potion of berserk rage {unknown}
 r - a potion of resistance
 w - a potion of lignification {unknown}
 x - 2 potions of curing
 C - a potion of degeneration {unknown}


   Skills:
 + Level 5.8 Fighting
 + Level 10.1 Axes
 + Level 6.8 Armour
 + Level 2.1 Dodging
 + Level 0.5 Stealth
 + Level 4.9 Shields


You had 7 spell levels left.
You didn't know any spells.
Your spell library contained the following spells:

 Spells                   Type           Power      Damage    Failure   Level
 Malign Gateway           Summ/Tloc      0%         N/A       100%        7
 Summon Horrible Things   Summ           0%         N/A       100%        8


Dungeon Overview and Level Annotations

Branches:
Dungeon (6/15)             Temple (1/1) D:6

Altars:
Ashenzari
Cheibriados
Fedhas
Gozag
Hepliaklqana
Kikubaaqudgha
Makhleb
Nemelex Xobeh
Okawaru
Qazlal
Sif Muna
Trog
Uskayaw
Vehumet
Wu Jian
Xom
Zin

Shops:
D:1 *   D:2 :   D:5 *


Message History

The ogre is heavily wounded.
The ogre hits you with a +0 giant spiked club.
You hit the ogre.
The ogre is heavily wounded.
You slash the ogre!
The ogre is almost dead.
The ogre barely misses you.
You slash the ogre!
You kill the ogre!
Your Axes skill increases to level 10!
You now have 177 gold pieces (gained 26).
You see here a +0 giant spiked club.
There is a strange disturbance nearby!
Something hits you!
Deactivating autopickup; reactivate with Ctrl-A.
Something hits you.
* * * LOW HITPOINT WARNING * * *
Something hits you but does no damage.
You closely miss something. Something hits you but does no damage.
You block something's attack.
You hit something. Something hits you but does no damage.
You slash something! Something hits you!
* * * LOW HITPOINT WARNING * * *
Something hits you but does no damage. Something hits you.
* * * LOW HITPOINT WARNING * * *
You hit something but do no damage. Something hits you but does no damage.
Something hits you but does no damage.
You feel better. Something hits you but does no damage.
You closely miss something. Something hits you but does no damage.
You hit something. Something hits you!
* * * LOW HITPOINT WARNING * * *
You barely miss something. Something hits you.
* * * LOW HITPOINT WARNING * * *
Something hits you but does no damage. Something hits you but does no damage.
You closely miss something. Something hits you!
You die...
Your body crumbles into a pile of gold.

..##...#.........##...
# #..#.#.....#.##......
#.#....#..#..#.##......
#..#....##...#.##......
#.....>.....##.........
#..##....#..########...
#.#..#....#.## ...
#....#.#..#..# ...
#...#.@{##...#
...#..........#
#######....).##
####.### ..... ##..##.#
#..# # #... #..#


There were no monsters in sight!

Vanquished Creatures
  Pikel (D:5)
  Duvessa (D:5)
  A black bear (D:4)
  An ice beast (D:5)
  2 ogres
  2 phantoms
  Dowan (D:5)
  A hound (D:5)
  2 orc priests
  Crazy Yiuf (D:3)
  A sleepcap (D:5)
  Jessica (D:2)
  2 iguanas (D:5)
  5 orc wizards
  6 adders
  2 white imps
  5 worms
  A dart slug (D:3)
  18 orcs
  7 endoplasms
  3 giant cockroaches
  12 goblins
  7 hobgoblins
  8 jackals
  3 quokkas (D:1)
  6 ball pythons
  6 bats
  9 frilled lizards
  7 kobolds
  4 rats
126 creatures vanquished.

Notes
Turn   | Place    | Note
-------+----------+-------------------------------------------
     0 | D:1      | fireball365 the Hill Orc Fighter began the quest for the
                  | Orb.
     0 | D:1      | Reached XP level 1. HP: 19/19 MP: 1/1
    43 | D:1      | Found a faded altar of an unknown god.
   139 | D:1      | Reached XP level 2. HP: 27/27 MP: 2/2
   236 | D:1      | Reached skill level 3 in Axes
   404 | D:1      | Found Tumeic's General Store.
   431 | D:1      | Reached XP level 3. HP: 33/33 MP: 3/3
  1191 | D:2      | Found Qocoatu's Book Shoppe.
  1201 | D:2      | Noticed Jessica
  1203 | D:2      | Reached skill level 4 in Axes
  1222 | D:2      | Killed Jessica
  1223 | D:2      | Reached XP level 4. HP: 8/40 MP: 4/4
  2080 | D:3      | Reached XP level 5. HP: 38/46 MP: 5/5
  2118 | D:3      | Found a sparkling altar of Nemelex Xobeh.
  2403 | D:3      | Found a runed translucent door.
  2404 | D:3      | Noticed Crazy Yiuf
  2410 | D:3      | Killed Crazy Yiuf
  2844 | D:4      | Noticed a black bear
  2851 | D:4      | Killed a black bear
  2852 | D:4      | Reached skill level 5 in Axes
  2852 | D:4      | Reached XP level 6. HP: 30/52 MP: 6/6
  3035 | D:4      | Reached skill level 6 in Axes
  3537 | D:4      | Found an iron altar of Okawaru.
  3642 | D:5      | Entered Level 5 of the Dungeon
  3642 | D:5      | Found a radiant altar of Vehumet.
  3664 | D:5      | Noticed Dowan
  3666 | D:5      | Noticed Duvessa
  3747 | D:5      | Reached skill level 5 in Armour
  3747 | D:5      | Reached skill level 1 in Dodging
  3747 | D:5      | Reached XP level 7. HP: 60/60 MP: 7/7
  3753 | D:5      | Found a hide-covered altar of Uskayaw.
  3756 | D:5      | Found a glowing golden altar of the Shining One.
  3756 | D:5      | Found a glowing golden altar of the Shining One.
  3756 | D:5      | Noticed Pikel
  3771 | D:5      | Killed Pikel
  3772 | D:5      | Reached skill level 5 in Fighting
  3772 | D:5      | Reached skill level 8 in Axes
  3772 | D:5      | Reached XP level 8. HP: 60/68 MP: 8/8
  3775 | D:5      | Killed Duvessa
  3798 | D:5      | Killed Dowan
  3926 | D:5      | Found a burning altar of Makhleb.
  3926 | D:5      | Found a shimmering altar of Xom.
  3926 | D:5      | Found an ornate altar of the Wu Jian Council.
  3984 | D:5      | Found Hoskat's Fire Supplies.
  4040 | D:5      | Reached skill level 9 in Axes
  4301 | D:5      | Found a bloodstained altar of Trog.
  4928 | D:6      | Found a staircase to the Ecumenical Temple.
  4943 | Temple   | Entered the Ecumenical Temple
  5026 | Temple   | Became a worshipper of Gozag Ym Sagoz the Greedy
  5073 | D:6      | Reached skill level 10 in Axes
  5098 | D:6      | Slain by an unseen horror

Illustrated notes

Levels and vault maps discovered:
D:1:      minmay_arrival_diagonal_passages, layout_loops_corners, serial_shops,
          shop, shapermc_ecumenical_altar_mp_ritualfount
D:2:      layout_basic, serial_shops, shop, uniq_jessica
D:3:      layout_rooms, nemelex_altar_shiori, grunt_decor_arrowhead,
          uniq_crazy_yiuf_cottage
D:4:      layout_basic, okawaru_altar_gauntlet_db
D:5:      layout_rooms, bloody_trog, fiery_altar_vehumet, doesnt_xom_only_xom,
          nicolae_shop_fire_sale [nicolae_sub_dead_trees], uniq_duvessa,
          uniq_pikel
D:6:      layout_loops_cross, minmay_temple_entry_mini_moons,
          minmay_misc_feat_ornament
Temple:   compressed_dpeg_triangle_lava_temple

Skill      XL: |  1  2  3  4  5  6  7  8 |
---------------+-------------------------+-----
Axes           | 3 4 5 6 8 10 | 10.1
Armour         | 4 5 6 |  6.8
Fighting       | 4 5 |  5.8
Shields        | 4 |  4.9
Dodging        | 1 2 |  2.1
Stealth        | |  0.5

Action                     |  1- 3 |  4- 6 |  7- 9 || total
---------------------------+-------+-------+-------++-------
  Melee: War axe           |   135 |   176 |   152 ||   463
    Use: Scroll            |       |     3 |     3 ||     6
         Potion            |       |     2 |     1 ||     3
 Armour: Scale mail        |    92 |   105 |    60 ||   257
         Chain mail        |       |       |    21 ||    21
  Dodge: Dodged            |    86 |    77 |    47 ||   210
  Block: Buckler           |    36 |    48 |    30 ||   114
